 Dungeon Crawl Stone Soup version 0.17.1-1-g73c8601 (webtiles) character file.

5832 Peloso the Blocker (level 10, -3/90 HPs)
             Began as a Minotaur Fighter on Dec 29, 2015.
             Was a Follower of Okawaru.
             Slain by a killer bee (4 damage)
             ... on level 9 of the Dungeon.
             The game lasted 00:27:57 (8316 turns).

Peloso the Blocker (Minotaur Fighter)               Turns: 8316, Time: 00:27:59

Health: -3/90      AC: 15    Str: 24    XL:     10   Next: 51%
Magic:  9/9        EV:  7    Int:  5    God:    Okawaru [*.....]
Gold:   467        SH: 12    Dex: 10    Spells: 0 memorised, 9 levels left

rFire  x . .     SeeInvis .     a - +0 long sword
rCold  + . .     Clarity  .     l - +0 plate armour
rNeg   . . .     SustAt   .     c - +0 shield
rPois  .         Gourm    .     (helmet restricted)
rElec  .         Spirit   .     (no cloak)
rCorr  .         Warding  .     I - +0 pair of gloves
rMut   .         Stasis   .     (no boots)
MR     .....                    (no amulet)
Stlth  ..........               s - +2 ring of slaying
                                L - ring of ice

@: lethally poisoned (-3 -> -31), about to teleport, not resistant to hostile
enchantments, extremely unstealthy
A: retaliatory headbutt, horns 2
a: Heroism, Renounce Religion


You were on level 9 of the Dungeon.
You worshipped Okawaru.
Okawaru was aware of your devotion.
You were not hungry.

You visited 2 branches of the dungeon, and saw 11 of its levels.
You also visited: Sewer and Ossuary.

You collected 491 gold pieces.
You spent 24 gold pieces at shops.

Inventory:

Hand Weapons
 a - a +0 long sword (weapon)
 D - a +3 short sword
Armour
 b - a +0 scale mail
 c - a +0 shield (worn)
 l - a +0 plate armour (worn)
 I - a +0 pair of gloves (worn)
Jewellery
 k - an uncursed ring of protection from cold
 s - a +2 ring of slaying (right hand)
 L - a ring of ice (left hand)
Scrolls
 g - a scroll of recharging
 i - 9 scrolls of identify {unknown}
 m - 3 scrolls of teleportation
 n - 2 scrolls of fog
 p - 4 scrolls of random uselessness {unknown}
 v - 5 scrolls of remove curse {unknown}
 x - 2 scrolls of blinking {unknown}
 y - 4 scrolls of magic mapping {unknown}
 B - 2 scrolls of enchant weapon {unknown}
 F - a scroll of noise {unknown}
 J - a scroll of enchant armour {unknown}
 K - a scroll of vulnerability {unknown}
 N - a scroll of brand weapon {unknown}
Potions
 d - a potion of invisibility {unknown}
 j - a potion of heal wounds {unknown}
 q - 2 potions of degeneration {unknown}
 r - 3 potions of berserk rage {unknown}
 t - a potion of resistance {unknown}
 u - 3 potions of mutation {unknown}
 w - a potion of brilliance {unknown}
 z - 4 potions of lignification {unknown}
 A - 2 potions of agility {unknown}
 G - a potion of poison {unknown}
Books
 C - a book of Unlife

   Spells                             Type                      Level
   a - Recall                         Summoning/Translocation      3
   b - Animate Dead                   Necromancy                   4
   c - Control Undead                 Necromancy                   4
   d - Cigotuvi's Embrace             Necromancy                   5
   e - Death Channel                  Necromancy                   6
   f - Simulacrum                     Ice/Necromancy               6
 O - a book of Power

   Spells                             Type                      Level
   a - Fulminant Prism                Conjuration/Hexes            4
   b - Iskenderun's Mystic Blast      Conjuration                  4
   c - Venom Bolt                     Conjuration/Poison           5
   d - Bolt of Magma                  Conjuration/Fire/Earth       5
   e - Iron Shot                      Conjuration/Earth            6
   f - Orb of Destruction             Conjuration                  7
   g - Spellforged Servitor           Conjuration/Summoning        7
Comestibles
 e - 8 bread rations
 f - 9 meat rations
 h - 3 fruits
 o - a beef jerky
 H - a royal jelly


   Skills:
 + Level 8.5 Fighting
 + Level 9.4 Long Blades
 + Level 9.9 Armour
 + Level 3.0 Dodging
 + Level 0.5 Stealth
 + Level 11.3 Shields


You had 9 spell levels left.
You didn't know any spells.

Dungeon Overview and Level Annotations

Branches:
Dungeon (10/15)            Temple (1/1) D:7            Lair (0/8) D:8
    Orc: D:9-12

Altars:
Ashenzari
Dithmenos
Elyvilon
Fedhas
Gozag
Kikubaaqudgha
Makhleb
Nemelex Xobeh
Okawaru
Qazlal
Ru
Sif Muna
Trog
Vehumet
Xom
Yredelemnul
Zin
The Shining One

Shops:
D:9 %?


Innate Abilities, Weirdness & Mutations

You reflexively headbutt those who attack you in melee.
You have a pair of horns on your head.


Message History

The killer bee rages.
Read which item? (? for menu, Esc to quit)
As you read the scroll labeled JOYCAEP GAANG, it crumbles to dust.
You feel strangely unstable.
It was a scroll of teleportation.
* * * LOW HITPOINT WARNING * * *
You feel very sick. You block the killer bee's attack.
You hear an angry buzzing noise.
The killer bee barely misses you. You furiously retaliate!
You headbutt the killer bee. The killer bee stings you.
* * * LOW HITPOINT WARNING * * *
You hear an angry buzzing noise. x2
* * * LOW HITPOINT WARNING * * *
You feel very sick.
You hear an angry buzzing noise. x2
The killer bee rages.
The killer bee stings you.
* * * LOW HITPOINT WARNING * * *
The killer bee stings you.
You die...

.# #.......# ##
###'##### #.###
#...# ###'###
#.....# +.....#
#####
#.....######yyyy%%
#.....#..@yyyyyyy%
#.....'.####yyyy..
#.....### .y...
##+#### %.%% ###


You could see a queen bee and 15 killer bees.

Vanquished Creatures
  An unseen horror (D:9)
  Pikel (D:7)
  Joseph (D:7)
  A trapdoor spider (D:8)
  A spriggan (D:7)
  A deep elf mage (D:9)
  A slave (D:7)
  An orc warrior (D:7)
  2 black bears
  An ice beast (D:10)
  4 ogres
  A phantom (D:9)
  A sky beast (D:8)
  6 centaurs
  A big kobold (D:7)
  6 giant frogs
  An elf zombie (Ossuary)
  A gnoll sergeant (D:7)
  15 killer bees
  A scorpion (D:4)
  3 wights (D:6)
  A giant frog zombie (D:5)
  A jelly (D:5)
  4 hounds
  2 orc priests
  A giant frog skeleton (D:4)
  9 orc wizards
  3 human zombies (Ossuary)
  An iguana (D:7)
  7 worker ants
  2 mummies (Ossuary)
  A worker ant zombie (D:6)
  16 adders
  6 gnolls
  A shadow imp (D:7)
  12 oozes
  An adder zombie (Ossuary)
  2 worms
  12 giant geckos
  19 orcs
  11 ball pythons
  14 giant cockroaches
  5 goblins
  6 hobgoblins
  4 jackals
  11 kobolds
  3 quokkas
  3 bats
  A giant gecko skeleton (D:4)
  A giant gecko zombie (D:5)
  10 giant newts
  2 goblin zombies (Ossuary)
  6 hobgoblin zombies (Ossuary)
  2 jackal zombies
  9 kobold zombies (Ossuary)
  12 orc zombies (Ossuary)
  A quokka zombie (D:8)
  11 rats
  A rat zombie (Ossuary)
265 creatures vanquished.

Vanquished Creatures (others)
  2 slaves (D:7)
  2 orc wizards (D:7)
  2 gnolls (D:7)
  An adder (D:7)
  A giant gecko (D:7)
  An orc (D:7)
  2 kobolds (D:7)
11 creatures vanquished.

Grand Total: 276 creatures vanquished

Notes
Turn   | Place    | Note
--------------------------------------------------------------
     0 | D:1      | Peloso the Minotaur Fighter began the quest for the Orb.
     0 | D:1      | Reached XP level 1. HP: 19/19 MP: 0/0
    54 | D:1      | Reached XP level 2. HP: 27/27 MP: 1/1
   135 | D:1      | Reached skill level 4 in Armour
   152 | D:1      | Found a sparkling altar of Nemelex Xobeh.
   738 | D:2      | Reached XP level 3. HP: 25/33 MP: 2/2
  1095 | D:2      | Found a basalt altar of Yredelemnul.
  1171 | D:2      | Found a white marble altar of Elyvilon.
  1326 | D:2      | Reached XP level 4. HP: 40/40 MP: 3/3
  1643 | D:3      | Found an opulent altar of Gozag.
  1773 | D:3      | Reached XP level 5. HP: 36/46 MP: 4/4
  1785 | D:3      | Reached skill level 5 in Shields
  2023 | D:4      | Reached skill level 5 in Armour
  2025 | D:4      | Found a glowing drain.
  2056 | Sewer    | Entered a sewer
  2126 | Sewer    | Reached XP level 6. HP: 49/53 MP: 5/5
  2392 | Sewer    | Reached skill level 1 in Dodging
  2392 | Sewer    | Reached skill level 6 in Shields
  2456 | D:4      | Reached skill level 5 in Long Blades
  2491 | D:4      | Reached XP level 7. HP: 32/60 MP: 6/6
  2538 | D:4      | Reached skill level 5 in Fighting
  2895 | D:5      | Entered Level 5 of the Dungeon
  3095 | D:5      | Reached skill level 7 in Shields
  3106 | D:5      | Found a sand-covered staircase.
  3111 | Ossuary  | Entered an ossuary
  3476 | Ossuary  | Reached XP level 8. HP: 64/70 MP: 7/7
  4305 | D:6      | Reached skill level 8 in Shields
  4774 | D:6      | Found a shadowy altar of Dithmenos.
  5145 | D:6      | Reached XP level 9. HP: 75/79 MP: 8/8
  5311 | D:7      | Found a staircase to the Ecumenical Temple.
  5324 | Temple   | Entered the Ecumenical Temple
  5440 | D:7      | Noticed Pikel
  5444 | D:7      | Noticed Joseph
  5452 | D:7      | Killed Pikel
  5452 | D:7      | Reached skill level 9 in Shields
  5471 | D:7      | Killed Joseph
  5567 | D:7      | HP: 2/80 [gnoll sergeant/spear of venom (3)]
  5947 | D:7      | Reached skill level 10 in Shields
  6549 | D:7      | Reached XP level 10. HP: 66/88 MP: 9/9
  7007 | D:8      | Found an iron altar of Okawaru.
  7015 | D:8      | Became a worshipper of Warmaster Okawaru
  7285 | D:8      | Found a deep blue altar of Sif Muna.
  7327 | D:8      | Found a staircase to the Lair.
  7533 | D:8      | You fall through a shaft for 2 floors!
  7533 | D:10     | Entered Level 10 of the Dungeon
  7590 | D:9      | Noticed an angel
  7602 | D:9      | Reached skill level 11 in Shields
  7605 | D:9      | Found a glowing silver altar of Zin.
  7605 | D:9      | Found a shimmering altar of Xom.
  7631 | D:9      | Killed an unseen horror
  7631 | D:9      | Reached * piety under Okawaru
  7979 | D:9      | Found Narghus's Magic Scroll Boutique.
  7986 | D:9      | Bought a scroll of fog for 24 gold pieces
  8059 | D:9      | Found Fannuh's Food Emporium.
  8316 | D:9      | HP: 3/90 [poisoned by a killer bee]
  8316 | D:9      | HP: 1/90 [killer bee (2)]
  8316 | D:9      | Slain by a killer bee

Action                   |  1- 3 |  4- 6 |  7- 9 | 10-12 || total
-------------------------+-------+-------+-------+-------++-------
Melee: Long sword        |    85 |   272 |   469 |   130 ||   956
  Use: Potion            |       |       |     4 |     3 ||     7
       Scroll            |       |       |       |     2 ||     2
  Eat: Chunk             |     1 |     5 |    14 |     4 ||    24
       Pizza             |       |       |       |     1 ||     1
